 Dungeon Crawl Stone Soup version 0.30-a0-122-g2a1322497e (webtiles) character file.

Game seed: 10960928170056757073

273 MirrMurr the Shooter (level 6, -4/30 HPs)
             Began as a Spriggan Hunter on Sept 17, 2022.
             Killed by nerve-wracking pain
             ... invoked by a shadow imp
              (13 damage)
             ... on level 5 of the Dungeon.
             The game lasted 00:08:55 (3119 turns).

MirrMurr the Shooter (Spriggan Hunter)              Turns: 3119, Time: 00:08:56

Health: -4/30      AC:  2    Str:  7    XL:     6   Next: 2%
Magic:  7/7        EV: 20    Int: 10    God:
Gold:   127        SH:  0    Dex: 21    Spells: 5/5 levels left

rFire   . . .      SeeInvis +    a - +0 shortbow
rCold   . . .      Faith    .    (shield currently unavailable)
rNeg    . . .      Spirit   .    c - +0 robe
rPois   .          Reflect  .    (helmet restricted)
rElec   .          Harm     .    (no cloak)
rCorr   .          Rampage  .    (gloves unavailable)
Will    +....                    (boots unavailable)
Stlth   +++.......               (no amulet)
HPRegen 0.10/turn                (no ring)
MPRegen 0.10/turn                (no ring)

@: very quick
A: very small, no large weapons, unfitting armour, see invisible, speed 3
a: no special abilities


You were on level 5 of the Dungeon.
You visited 1 branch of the dungeon, and saw 5 of its levels.

You collected 127 gold pieces.

Inventory:

Hand Weapons
 a - a +0 shortbow (weapon)
Missiles
 i - 27 stones
 r - a throwing net
Armour
 c - a +0 robe (worn)
Jewellery
 h - an amulet of faith
Wands
 v - a wand of light (4)
Scrolls
 b - 2 scrolls of immolation
 f - a scroll of enchant armour {unknown}
 g - a scroll of butterflies {unknown}
 k - 4 scrolls of identify {unknown}
 l - a scroll of summoning {unknown}
 m - 2 scrolls of magic mapping {unknown}
 o - 2 scrolls of amnesia {unknown}
 p - a scroll of blinking {unknown}
 q - a scroll of teleportation {unknown}
Potions
 d - 2 potions of curing {unknown}
 e - a potion of flight {unknown}
 j - a potion of magic {unknown}
 n - 2 potions of resistance {unknown}
 s - a potion of cancellation {unknown}
 t - a potion of heal wounds {unknown}
 u - a potion of haste {unknown}


   Skills:
 - Level 1.5 Fighting
 * Level 5.9 Ranged Weapons
 + Level 4.7 Dodging
 + Level 4.8 Stealth


You had 5 spell levels left.
You didn't know any spells.
Your spell library was empty.

Dungeon Overview and Level Annotations

Branches:
Dungeon (5/15)
 Temple: D:4-7

Altars:
Yredelemnul

Annotations:
D:2 fly
D:4 !, Eustachio, Menkaure, Sigmund


Innate Abilities, Weirdness & Mutations

You are very small and have problems with some larger weapons.
You are too small for most types of armour.
You have supernaturally acute eyesight. (SInv)
You cover ground extremely quickly. (Speed+++)


Message History

You shoot an arrow. The arrow hits the shadow imp.
The shadow imp is moderately wounded.
Fire: a) +0 shortbow
Press: ? - help, Q - select action, (/) - cycle Shift-Dir - straight line, f/p - shadow imp
Aim: a shadow imp (moderately wounded, 61% to hit)
You shoot an arrow.
The arrow closely misses the shadow imp.
Fire: a) +0 shortbow
Press: ? - help, Q - select action, (/) - cycle Shift-Dir - straight line, f/p - shadow imp
Aim: a shadow imp (moderately wounded, 61% to hit)
You shoot an arrow.
The arrow hits the shadow imp but does no damage.
The shadow imp is moderately wounded.
The shadow imp summons a swarm of flies.
The shadow imp misses you.
Fire: a) +0 shortbow
Press: ? - help, Q - select action, (/) - cycle Shift-Dir - straight line, f/p - shadow imp
Aim: a shadow imp (moderately wounded, 61% to hit)
You shoot an arrow. The arrow hits the shadow imp.
The shadow imp is severely wounded.
The shadow imp misses you.
Fire: a) +0 shortbow
Press: ? - help, Q - select action, (/) - cycle Shift-Dir - straight line, f/p - shadow imp
Aim: a shadow imp (severely wounded, 61% to hit)
You shoot an arrow.
The arrow closely misses the shadow imp.
The shadow imp gestures at you. Pain shoots through your body!
* * * LOW HITPOINT WARNING * * *
Unknown command.
Fire: a) +0 shortbow
Press: ? - help, Q - select action, (/) - cycle Shift-Dir - straight line, f/p - shadow imp
Aim: a shadow imp (severely wounded, 61% to hit)
You shoot an arrow.
The arrow closely misses the shadow imp.
The shadow imp completely misses you.
The shadow imp lashes its tail.
The shadow imp gestures at you. Pain shoots through your body!
You die...

........ #.#.#...#..#
#...# #.#.#.#.#..#
#...# ####.#.#.#.#..#
#...# #......#...#..#
#...#
#......#.#.#..#.#...##
#......+..<...#......5
#..$...######.####..##
#....@..5.............
#......######.####..##
#......# #...5.....
######## ######.###
#.# # #.# # #.# # #.#
# #.# #


You could see a shadow imp.

Vanquished Creatures
  2 necrophages
  4 gnolls (D:3)
  3 adders
  3 dart slugs
  6 orcs (D:3)
  12 ball pythons
  4 endoplasms
  2 giant cockroaches
  5 goblins
  7 hobgoblins
  5 kobolds
  5 quokkas
  4 bats
  5 frilled lizards
  7 rats
74 creatures vanquished.

Vanquished Creatures (others)
  A fungus (D:2)
  6 plants (D:2)
7 creatures vanquished.

Grand Total: 81 creatures vanquished

Notes
Turn   | Place    | Note
-------+----------+-------------------------------------------
     0 | D:1      | MirrMurr the Spriggan Hunter began the quest for the Orb.
     0 | D:1      | Reached XP level 1. HP: 10/10 MP: 2/2
   294 | D:1      | Reached XP level 2. HP: 14/14 MP: 3/3
   904 | D:2      | Reached XP level 3. HP: 18/18 MP: 4/4
  1543 | D:2      | Found a faded altar of an unknown god.
  1719 | D:3      | Noticed a water moccasin
  1844 | D:3      | Reached XP level 4. HP: 22/22 MP: 5/5
  1859 | D:3      | Reached skill level 5 in Ranged Weapons
  2095 | D:3      | Noticed a necrophage
  2301 | D:3      | Killed a necrophage
  2302 | D:3      | Reached XP level 5. HP: 25/25 MP: 6/6
  2695 | D:4      | Noticed Menkaure
  2716 | D:4      | Noticed Sigmund
  2922 | D:4      | Noticed an ogre
  2929 | D:4      | Found a basalt altar of Yredelemnul.
  2936 | D:4      | Noticed Eustachio
  2982 | D:5      | Entered Level 5 of the Dungeon
  3110 | D:5      | Reached XP level 6. HP: 11/30 MP: 7/7
  3119 | D:5      | Killed from afar by a shadow imp

Illustrated notes

Levels and vault maps discovered:
D:1:      heliophobic_arrival_ceremonial_halls, layout_basic,
          amcnicky_mini_corridor_feature
D:2:      layout_rooms, serial_rivers, chequers_serial_rivers_micro_a,
          chequers_serial_rivers_small_a, chequers_serial_rivers_small_3,
          chequers_serial_rivers_large_a, chequers_serial_rivers_large_b,
          shapermc_ecumenical_altar_mp_urbaneastern
D:3:      minmay_chambers_of_threes, layout_loops_ring, skrybe_limestone_x,
          chequers_serial_rivers_micro_e
D:4:      layout_basic, mainiacjoe_overflow_alcove_1, uniq_sigmund,
          uniq_eustachio, uniq_menkaure
D:5:      kennysheep_six_static_rooms, layout_basic, nicolae_ru_awakened_eye

Skill      XL: |  1  2  3  4 |
---------------+-------------+-----
Stealth        | 2 3 4 |  4.8
Dodging        | 3 4 |  4.7
Ranged Weapons | 5 |  5.9
Fighting       | |  1.5

Action                   |  1- 3 |  4- 6 || total
-------------------------+-------+-------++-------
 Fire: Shortbow          |   112 |    95 ||   207
Armor: Robe              |       |     3 ||     3
Dodge: Dodged            |     6 |    43 ||    49

Table legend: (Time is in decaauts)
 A = Elapsed time spent in this place.
 B = Non-inter-level travel time spent in this place.
 C = Inter-level travel time spent in this place.
 D = Time resting spent in this place.
 E = Time spent auto-exploring this place.
 F = Levels seen in this place.
 G = Mean time per level.
                   A        B        C        D        E       F      G
               +--------+--------+--------+--------+--------+-----+--------+
         Total |   2261 |   2122 |    139 |     15 |   1512 |   5 |  452.2 |
       Dungeon |   2261 |   2122 |    139 |     15 |   1512 |   5 |  452.2 |
               +--------+--------+--------+--------+--------+-----+--------+

Top non-repeatable levels by time:
     D:3: 947 daAuts
     D:1: 588 daAuts
     D:2: 549 daAuts
     D:5: 121 daAuts
     D:4: 55 daAuts
